 Dungeon Crawl Stone Soup version 0.31-a0-331-geda263fcf1 (webtiles) character file.

Game seed: 9076939422215892346

468309 derpindaisy the Slayer (level 23, -17/224 HPs)
             Began as a Minotaur Fighter on July 19, 2023.
             Was the Champion of Jiyva.
             Demolished by a purple draconian
             ... wielding a +1 glaive of freezing
             ... led by a red draconian scorcher
              (18 damage)
             ... on level 5 of the Realm of Zot on July 20, 2023.
             The game lasted 03:06:42 (41515 turns).

derpindaisy the Slayer (Minotaur Fighter)          Turns: 41515, Time: 03:06:43

Health: -17/224    AC: 25    Str: 36    XL:     23   Next: 20%
Magic:  22/22      EV: 22    Int:  6    God:    Jiyva [******]
Gold:   4198       SH: 29    Dex: 22    Spells: 22/22 levels left

rFire   + + .        D - +7 trident "Beetleslayer" {spect, Will+}
rCold   + + .        k - +5 tower shield of Pint {+Inv}
rNeg    . . .        V - +3 chain mail "Zuyh Cag" {rElec Will++ Str+4}
rPois   +            R - +1 hat {Will+}
rElec   +            a - scarf of Ashenzari's Generosity {rC+ rF+, Str+4}
rCorr   +            y - +0 pair of gloves of Xeluin {Rampage Regen+ Dex+3}
SInv    +            (no boots)
Will    +++++        E - amulet of the acrobat
Stlth   ++++++       j - ring "Isus" {Fly Str+4 Stlth+}
HPRegen 2.97/turn    O - ring of see invisible
MPRegen 0.68/turn

%: acrobat, rampage
@: about to teleport, resistant, flying, studying Summonings
A: horns 2, retaliatory headbutt, iridescent scales 1, agile 1, strong-willed 1,
passive freeze, poison resistance, shaggy fur 1, acidic bite, gelatinous body 3,
translucent skin 2, tendrils, jelly absorbing missiles, engulf
}: 3/15 runes: decaying, slimy, gossamer
a: Renounce Religion, Evoke Invisibility, Oozemancy, Slimify


You were on level 5 of the Realm of Zot.
You worshipped Jiyva.
Jiyva was exalted by your worship.
You visited 10 branches of the dungeon, and saw 50 of its levels.
You visited the Abyss 1 time.
You also visited: Volcano.

You collected 5041 gold pieces.
You spent 843 gold pieces at shops.

Inventory:

Hand Weapons
 g - a +1 morningstar of holy wrath
 i - a +6 war axe of venom
 u - a +3 flail of draining
 x - a +9 club of freezing
 D - the +7 trident "Beetleslayer" (weapon) {spect, Will+}
   (You found it on level 1 of the Elven Halls)

   Will:      It increases your willpower.
 F - the +3 morningstar "Dodghi" {heavy, +Blink MP-9 Int+4 SInv}
   (You found it on level 14 of the Dungeon)

   Int:       It affects your intelligence (+4).
   MP:        It affects your magic capacity (-9).
   SInv:      It lets you see invisible.
   +Blink:    It lets you blink.
 J - a +4 morningstar of electrocution
 P - a +3 antimagic flail
 U - the +3 morningstar of the Four Visionaries {flame, rN+ Str+4}
   (You bought it in a shop on level 2 of the Orcish Mines)

   Str:       It affects your strength (+4).
   rN:        It protects you from negative energy.
Armour
 a - the scarf of Ashenzari's Generosity (worn) {rC+ rF+, Str+4}
   (You acquired it on level 2 of the Realm of Zot)

   Str:       It affects your strength (+4).
 k - the +5 tower shield of Pint (worn) {+Inv}
   (You acquired it on level 1 of the Realm of Zot)

   +Inv:      It lets you turn invisible.
 w - the +0 plate armour of the Valley of Death {rC+ rN+ Stlth+}
   (You found it on level 2 of the Depths)

   rC:        It protects you from cold.
   rN:        It protects you from negative energy.
   Stlth:     It makes you more stealthy.
 y - the +0 pair of gloves of Xeluin (worn) {Rampage Regen+ Dex+3}
   (You found it on level 5 of the Dungeon)

   Dex:       It affects your dexterity (+3).
   Regen:     It increases your rate of health regeneration.
   Rampage:   It bestows one free step when moving towards enemies.
 R - a +1 hat of willpower (worn)
 V - the +3 chain mail "Zuyh Cag" (worn) {rElec Will++ Str+4}
   (You found it on level 5 of the Pits of Slime)

   Str:       It affects your strength (+4).
   rElec:     It insulates you from electricity.
   Will:      It greatly increases your willpower.
Jewellery
 b - a ring of protection from cold
 j - the ring "Isus" (left hand) {Fly Str+4 Stlth+}
   (You acquired it on level 12 of the Dungeon)

   [ring of flight]

   Str:       It affects your strength (+4).
   Fly:       It grants you flight.
   Stlth:     It makes you more stealthy.
 s - a ring of protection from cold
 C - a +6 ring of intelligence
 E - an amulet of the acrobat (around neck)
 I - a +4 ring of protection
 O - a ring of see invisible (right hand)
Wands
 S - a wand of flame (3)
Scrolls
 c - 2 scrolls of blinking
 f - 6 scrolls of poison
 n - 10 scrolls of identify
 p - 3 scrolls of fog
 r - 5 scrolls of summoning
 z - 6 scrolls of vulnerability
 A - 5 scrolls of revelation
 K - 3 scrolls of teleportation
 L - 8 scrolls of noise
 M - 2 scrolls of enchant weapon
 Q - 6 scrolls of immolation
 X - a scroll of brand weapon
 Y - 4 scrolls of enchant armour
Potions
 d - 7 potions of might
 e - 4 potions of lignification
 h - 6 potions of ambrosia
 l - 6 potions of enlightenment
 o - 7 potions of curing
 q - 7 potions of degeneration {unknown}
 t - a potion of resistance
 v - 7 potions of brilliance {unknown}
 B - 7 potions of cancellation
 H - 5 potions of haste
Miscellaneous
 m - a box of beasts


   Skills:
 + Level 22.5 Fighting
 + Level 7.6(18.6) Axes
 + Level 20.8(21.3) Maces & Flails
 + Level 17.0(17.6) Polearms
 + Level 16.5 Armour
 + Level 12.8 Dodging
 + Level 17.2 Stealth
 + Level 22.0 Shields
 + Level 3.1 Evocations


You had 22 spell levels left.
You didn't know any spells.
Your spell library contained the following spells:

 Spells                   Type           Power      Damage    Failure   Level
 Foxfire                  Conj/Fire      0%         2x1d4     82%         1
 Kiss of Death            Conj/Necr      0%         2d5       82%         1
 Magic Dart               Conj           0%         1d3       82%         1
 Call Imp                 Summ           0%         N/A       91%         2
 Cigotuvi's Dreadful Rot  Necr/Pois/Air  0%         N/A       91%         2
 Ensorcelled Hibernation  Hex/Ice        0%         N/A       91%         2
 Passwall                 Tmut/Erth      0%         N/A       91%         2
 Scorch                   Fire           0%         2d5       91%         2
 Confusing Touch          Hex            0%         N/A       99%         3
 Dazzling Flash           Conj/Hex       0%         N/A       99%         3
 Gell's Gravitas          Tloc           0%         N/A       99%         3
 Ignite Poison            Fire/Tmut/Pois 0%         N/A       99%         3
 Inner Flame              Hex/Fire       0%         N/A       99%         3
 Mephitic Cloud           Conj/Pois/Air  0%         N/A       99%         3
 Swiftness                Air            0%         N/A       99%         3
 Teleport Other           Tloc           0%         N/A       99%         3
 Vhi's Electric Charge    Tloc/Air       0%         N/A       99%         3
 Volatile Blastmotes      Fire/Tloc      0%         2d10      99%         3
 Animate Armour           Summ/Erth      0%         N/A       100%        4
 Animate Dead             Necr           0%         N/A       100%        4
 Dispel Undead            Necr           0%         3d6       100%        4
 Flame Wave               Conj/Fire      0%         2d4       100%        4
 Fulminant Prism          Conj/Hex       0%         3d5       100%        4
 Iskenderun's Mystic Bla  Conj/Tloc      0%         2d3       100%        4
 Leda's Liquefaction      Hex/Erth       0%         N/A       100%        4
 Sticky Flame             Conj/Fire      0%         2d3       100%        4
 Summon Ice Beast         Ice/Summ       0%         N/A       100%        4
 Arcjolt                  Conj/Air       0%         1d10      100%        5
 Freezing Cloud           Conj/Ice/Air   0%         6-21      100%        5
 Lee's Rapid Deconstruct  Erth           0%         3d4*      100%        5
 Summon Forest            Summ/Tloc      0%         N/A       100%        5
 Summon Mana Viper        Hex/Summ       0%         N/A       100%        5
 Yara's Violent Unravell  Hex/Tmut       0%         3d3       100%        5
 Conjure Ball Lightning   Conj/Air       0%         3x3d6     100%        6
 Death Channel            Necr           0%         N/A       100%        6
 Dispersal                Tloc           0%         N/A       100%        6
 Leda's Unmaking          Conj/Erth      0%         9d1       100%        6
 Plasma Beam              Fire/Air       0%         2x1d10    100%        6
 Starburst                Conj/Fire      0%         6d3       100%        6
 Summon Cactus Giant      Summ           0%         N/A       100%        6
 Enfeeble                 Hex            0%         N/A       100%        7
 Haunt                    Necr/Summ      0%         N/A       100%        7
 Malign Gateway           Summ/Tloc      0%         N/A       100%        7
 Discord                  Hex            0%         N/A       100%        8
 Disjunction              Tloc           0%         N/A       100%        8
 Infestation              Necr           0%         N/A       100%        8
 Maxwell's Capacitive Co  Air            0%         ∞         100%        8


Dungeon Overview and Level Annotations

Branches:
Dungeon (15/15)            Temple (0/1) D:5            Lair (5/5) D:9
  Swamp (4/4) Lair:3       Spider (4/4) Lair:3        Slime (5/5) Lair:5
    Orc (2/2) D:11            Elf (2/3) Orc:2        Vaults (4/5) D:13
  Crypt (0/3) Vaults:2     Depths (4/4) D:15            Zot (5/5) Depths:4
Volcano (visited)

Altars:
Ashenzari
Dithmenos
Fedhas
Gozag
Kikubaaqudgha
Makhleb
Okawaru
Qazlal
Ru
Sif Muna
Trog
Uskayaw
Vehumet
Wu Jian
Xom
Yredelemnul
The Shining One
Jiyva

Shops:
D:4 *   D:5 *   D:12 !   D:15 (   Orc:1 !   Orc:2 ?(*(   Elf:1 :?(*
Vaults:1 :   Vaults:3 *   Depths:1 *?   Depths:4 *

Portals:
Hell: Depths:1 Depths:2 Depths:3 Depths:4
Abyss: Depths:3
Pandemonium: Depths:1 Depths:2 Depths:3
Ziggurat: Depths:3
Trove: Vaults:1 (show abyssal rune of Zot)

Annotations:
Lair:1 2 transporters, Gelion's ghost, journeyman TrSh
Lair:5 2 runed translucent doors
Slime:5 Royal Jelly
Depths:1 1 runed translucent door
Zot:3 exclusion: 3 lightning spires
Zot:4 3 runed translucent doors, Goplog's ghost, master TeAE


Innate Abilities, Weirdness & Mutations

You have a pair of horns on your head.
You reflexively headbutt those who attack you in melee.
You are partially covered in iridescent scales. (AC +2)
You are agile. (Dex +4, Str/Int -1)
You are strong-willed. (Will+)
A frigid envelope surrounds you and freezes all who hurt you.
Your system is resistant to poisons. (rPois)
You are covered in fur. (AC +1)
You have acidic saliva.
Your gelatinous body deflects attacks. (AC +3, EV +3)
Your translucent skin reduces your foes' accuracy. (Stealth+)
You are covered in slimy tendrils that may disarm your opponents.
You have a small jelly attached to you that may absorb projectiles.
Your melee attacks may engulf your foes in ooze.


Message History

The yellow draconian annihilator blinks!
You feel better.
The storm dragon bites you but does no damage.
The storm dragon resists.
The storm dragon is very cold.
The storm dragon is lightly wounded.
You block the storm dragon's attack. x2
The storm dragon completely misses you.
The storm dragon claws you but does no damage.
The storm dragon resists.
The storm dragon is very cold.
The storm dragon is lightly wounded.
The storm dragon closely misses you.
The tentacled monstrosity loses its grip on you.
The purple draconian barely misses you. You furiously retaliate!
You headbutt the purple draconian.
Cornered, the green draconian turns to fight!
Cornered, the purple draconian turns to fight!
The yellow draconian annihilator gestures wildly while chanting.
The yellow draconian annihilator blinks!
Cornered, the red draconian turns to fight!
Okay, then.
Okay, then.
Okay, then.
Okay, then.
As you read the scroll of teleportation, it crumbles to dust.
You feel strangely unstable.
You feel the Orb delaying your translocation!
You block the storm dragon's attack. x2; The storm dragon tramples you!
* * * LOW HITPOINT WARNING * * *
You hold your ground!
The storm dragon resists.
The storm dragon is very cold.
The storm dragon is lightly wounded.
The storm dragon bites you but does no damage.
The storm dragon barely misses you. The storm dragon tramples you.
* * * LOW HITPOINT WARNING * * *
You hold your ground!
The storm dragon resists.
The storm dragon is very cold.
The storm dragon is lightly wounded.
The white draconian completely misses you.
The red draconian hits you from afar with a +0 halberd!
* * * LOW HITPOINT WARNING * * *
The purple draconian hits you with a +1 glaive of freezing!!
You die...

...... #..... #.....
#...q #...# #...#####
### #...#ddd#######
.#...##..dqXDqdd.....
....D..y.d§dd@dD§^d.D
#...##.^######§§..##
## #..# ..## #..# ##
#..# #..# #..# ...#
...#


You could see a tentacled monstrosity (fleeing), 2 storm dragons, a yellow
draconian, a green draconian, 2 draconians, 2 draconians, 2 draconians, a purple
draconian shifter (slow) and a red draconian scorcher (fleeing).

Vanquished Creatures
  2 orbs of fire
  A Killer Klown (Zot:3)
  Bai Suzhen (Swamp:3)
  The ghost of Futuid the Convoker, a veteran MfSu of Gozag (Depths:1)
  5 golden dragons
  A bone dragon (Depths:4)
  The ghost of bobo the Marksgnoll, an adept GnHu of Gozag (Depths:1)
  2 electric golems
  A walking crystal tome (Depths:3)
  Jorgrun (D:15)
  12 tentacled monstrosities
  A lich (Depths:3)
  Asterion (Depths:1)
  3 quicksilver dragons
  7 sphinxes
  6 death cobs
  An ancient champion (Vaults:2)
  6 shadow dragons
  8 storm dragons
  6 draconian monks
  6 tengu reavers
  A thorn hunter (Swamp:1)
  Roxanne (Swamp:3)
  2 draconian knights
  4 emperor scorpions
  6 fire giants
  A fenstrider witch (Swamp:4)
  A deep elf sorcerer (Elf:2)
  5 frost giants
  7 vault wardens
  6 draconian scorchers
  2 orc warlords
  A draconian annihilator (Zot:2)
  4 ghouls
  A war gargoyle (Zot:3)
  5 ghost moths
  8 ironbound preservers
  6 stone giants
  6 ironbound thunderhulks
  4 draconian shifters
  25 very ugly things
  9 green draconians
  A broodmother (Spider:2)
  A draconian stormcaller (Zot:2)
  2 deep elf demonologists (Depths:2)
  A vampire knight (Depths:4)
  6 purple draconians
  11 black draconians
  7 eleionomae
  A minotaur (D:13)
  7 spark wasps
  12 yellow draconians
  9 dire elephants
  4 white draconians
  5 red draconians
  A deep elf annihilator (Elf:2)
  3 bunyips
  Josephine (D:13)
  2 crystal guardians (Vaults:4)
  6 entropy weavers
  2 jiangshi (Depths:1)
  A deep elf death mage (Vaults:1)
  2 fire dragons (Elf:2)
  4 ettins
  7 yaktaur captains
  9 vault guards
  10 ice dragons
  A peacekeeper (Vaults:4)
  9 spriggan air magi
  Erica (D:11)
  An anaconda (Swamp:4)
  2 ghost crabs (Swamp:2)
  3 rakshasas
  7 ironbound frosthearts
  17 hydras
  3 ogre magi
  2 jorogumos
  5 radroaches
  11 alligators
  4 centaur warriors
  5 boulder beetles
  A catoblepas (D:12)
  32 dancing weapons
  17 two-headed ogres
  3 vampire magi
  7 death scarabs (Spider:4)
  7 deep troll shamans
  7 demonic crawlers
  5 death yaks (Lair:5)
  2 orc high priests (Depths:2)
  3 deep troll earth magi
  The ghost of GiantSquids the Mimic, a novice OpSh of Ru (D:13)
  7 tengu warriors
  3 shock serpents (Zot:3)
  6 spriggan berserkers
  Sonja (Lair:5)
  Urug (D:13)
  15 hell knights
  15 deep elf knights
  12 spriggans
  A soul eater (Vaults:2)
  4 skysharks
  8 iron trolls
  3 goliath frogs
  6 sixfirhies
  11 pharaoh ants
  2 sun moths
  A flayed ghost (Depths:1)
  5 orb spiders
  7 skeletal warriors
  48 deep trolls
  4 spriggan druids
  2 shadow demons (Depths:2)
  9 bog bodies
  3 lindwurms
  A spectral wolf spider (Spider:4)
  A wolf spider zombie (Spider:4)
  6 necromancers
  7 wizards
  13 deep elf archers
  12 ironbound convokers
  5 spectral hydras (Swamp:4)
  8 steelbarb worms
  9 harpies
  2 phantasmal warriors
  5 orc knights
  30 deep elf zephyrmancers
  8 cyclopes
  2 broodmother zombies (Spider:4)
  23 deep elf pyromancers
  An orc sorcerer (Orc:1)
  11 manticores
  4 will-o-the-wisps
  31 ugly things
  14 wolf spiders
  An oklob plant (Swamp:4)
  A salamander (D:15)
  4 elephants (Lair:5)
  Maurice (D:11)
  7 black mambas
  2 torpor snails
  2 rust devils (D:11)
  16 vault sentinels
  17 moths of wrath
  3 molten gargoyles
  3 swamp worm zombies (Swamp:4)
  5 cane toads
  4 gargoyles
  9 kobold demonologists
  3 spectral redbacks (Spider:4)
  5 tengu conjurers
  3 efreet
  7 yaktaurs
  2 guardian mummies (Vaults:1)
  7 komodo dragons
  8 hornets
  6 meliai
  10 tyrant leeches
  A bloated husk (Swamp:1)
  A hellwing (D:11)
  2 spectral jumping spiders (Spider:4)
  3 hydra zombies (Swamp:4)
  25 tarantellas
  15 trolls
  Prince Ribbit (D:7)
  5 polar bears
  A spectral culicivora (Spider:4)
  5 spectral tarantellas (Spider:4)
  3 jumping spider zombies (Spider:4)
  2 spectral swamp dragons (Swamp:4)
  10 blink frogs
  31 jumping spiders
  2 tarantella zombies (Spider:4)
  Sigmund (D:4)
  5 dream sheep (Lair:3)
  2 alligator zombies (Swamp:4)
  5 water elementals
  28 culicivoras
  3 air elementals
  A shadow (D:11)
  6 wyverns
  10 wraiths
  2 vampires
  4 fire bats (Lair:1)
  12 yaks
  6 fire elementals
  12 vampire mosquitoes
  2 basilisks
  A chaos spawn (D:11)
  65 redbacks
  4 steam dragons
  Menkaure (D:7)
  A warg (shapeshifter) (D:15)
  Edmund (D:4)
  2 wargs
  2 acid dragons (D:12)
  10 swamp worms
  10 water moccasins
  5 hell hounds
  15 orc warriors
  8 black bears
  5 sky beasts (Depths:1)
  An ice beast (D:7)
  A swamp drake (Swamp:3)
  4 swamp dragon zombies (Swamp:4)
  6 centaurs
  29 ogres
  6 boggarts
  13 wolves
  2 phantoms
  4 kobold brigands
  11 bullfrogs
  2 gnoll sergeants
  2 scorpions (D:5)
  A necrophage (Swamp:3)
  3 earth elementals
  13 wights
  5 killer bees (D:9)
  2 jellies (Spider:4)
  3 electric eels
  2 howler monkeys (D:8)
  4 lava snakes (Lair:5)
  2 quasits (D:11)
  16 orc priests
  Crazy Yiuf (D:5)
  3 hounds
  An iron imp (D:8)
  A spectral swamp drake (Swamp:4)
  A sleepcap (D:7)
  2 gnoll boudas
  3 iguanas
  17 orc wizards
  A hell rat (Elf:2)
  4 lightning spires (Depths:1)
  22 gnolls
  5 adders
  3 shadow imps (D:5)
  3 ufetubi
  2 worms (D:4)
  2 dart slugs (D:1)
  96 orcs
  11 ball pythons
  2 endoplasms (D:1)
  4 giant cockroaches
  3 goblins
  6 hobgoblins
  11 kobolds
  7 quokkas
  7 bats
  5 frilled lizards
  4 rats
1637 creatures vanquished.

Vanquished Creatures (collateral kills)
  Rupert (Lair:4)
  An ironbound thunderhulk (Vaults:4)
  A deep elf demonologist (Elf:1)
  A deep elf knight (Elf:1)
  A bog body (Lair:3)
  A wolf spider (Spider:2)
  2 deep elf pyromancers (Elf:1)
  3 deep elf zephyrmancers (Elf:1)
  A molten gargoyle (Lair:5)
  A komodo dragon (Lair:5)
  A basilisk (Lair:5)
  A fire elemental (Elf:1)
  A redback (Spider:2)
  A lava snake (Lair:5)
17 creatures vanquished.

Vanquished Creatures (others)
  A tentacled monstrosity (Depths:3)
  An acid blob (Zot:4)
  A draconian shifter (Zot:3)
  2 ironbound preservers (Vaults:1)
  A draconian annihilator (Zot:2)
  2 formless jellyfish (Vaults:2)
  2 ghost crabs (Swamp:4)
  A vault guard (Vaults:3)
  3 deep elf knights
  A hell knight (Depths:3)
  A shock serpent (Zot:3)
  A skeletal warrior (D:12)
  4 glowing orange brains
  A deep troll (Vaults:2)
  An ironbound convoker (Vaults:4)
  A harpy (Vaults:3)
  2 deep elf pyromancers
  2 deep elf zephyrmancers
  An ugly thing (Vaults:1)
  A cyclops (D:12)
  A manticore (D:15)
  2 vault sentinels
  A troll (D:14)
  5 bloated husks
  A merfolk (shapeshifter) (Vaults:1)
  A tarantella (Spider:4)
  A dream sheep (Lair:3)
  33 slime creatures
  A culicivora (Spider:4)
  A shadow (D:12)
  A spriggan (Swamp:1)
  A redback (shapeshifter) (Depths:4)
  A vampire mosquito (D:12)
  A naga (shapeshifter) (Elf:2)
  2 orc warriors
  A sky beast (Depths:1)
  A black bear (D:5)
  An ogre (D:12)
  4 phantoms (Swamp:4)
  A bullfrog (Lair:1)
  A scorpion (shapeshifter) (D:12)
  160 jellies
  A hound (D:4)
  An orc priest (D:12)
  An iguana (D:5)
  2 orc wizards
  An adder (D:3)
  An ufetubus (D:5)
  21 orcs
  A goblin (D:3)
  3 hobgoblins
  2 kobolds (D:2)
  5 ball lightnings (Zot:3)
  16 foxfires
  63 spectral weapons
370 creatures vanquished.

Grand Total: 2024 creatures vanquished

Notes
Turn   | Place    | Note
-------+----------+-------------------------------------------
     0 | D:1      | derpindaisy the Minotaur Fighter began the quest for the
                  | Orb.
     0 | D:1      | Reached XP level 1. HP: 19/19 MP: 0/0
   132 | D:1      | Reached XP level 2. HP: 27/27 MP: 1/1
   330 | D:1      | Reached XP level 3. HP: 33/33 MP: 2/2
   608 | D:1      | Found a faded altar of an unknown god.
   812 | D:1      | Prayed at the altar of an unknown god.
   812 | D:1      | Became a worshipper of Jiyva Jehoilus the Shapeless
   812 | D:1      | Reached * piety under Jiyva
  1163 | D:2      | Reached ** piety under Jiyva
  1570 | D:3      | Reached XP level 4. HP: 29/40 MP: 3/3
  1590 | D:3      | Found a basalt altar of Yredelemnul.
  1698 | D:3      | Reached *** piety under Jiyva
  1720 | D:3      | Noticed an ogre
  1743 | D:3      | Killed an ogre
  1744 | D:3      | Reached skill level 5 in Polearms
  1744 | D:3      | Reached XP level 5. HP: 45/47 MP: 4/4
  1935 | D:3      | Gained mutation: You have an increased reservoir of magic.
                  | (+10% MP) [Jiyva's grace]
  1935 | D:3      | Gained mutation: You have a considerably increased
                  | reservoir of magic. (+20% MP) [Jiyva's grace]
  1935 | D:3      | Gained mutation: You have a greatly increased reservoir of
                  | magic. (+30% MP) [Jiyva's grace]
  1935 | D:3      | Gained mutation: Your melee attacks may engulf your foes in
                  | ooze. [Jiyva's grace]
  2375 | D:4      | Found an opulent altar of Gozag.
  2411 | D:4      | Reached **** piety under Jiyva
  2420 | D:4      | Noticed a black bear
  2426 | D:4      | Killed a black bear
  2427 | D:4      | Reached XP level 6. HP: 53/53 MP: 6/6
  2460 | D:4      | Reached skill level 5 in Armour
  2517 | D:4      | Found a shimmering altar of Xom.
  2537 | D:4      | Found Ycypla's General Store.
  2625 | D:4      | Found a blossoming altar of Fedhas.
  2838 | D:4      | Noticed Edmund
  2851 | D:4      | Killed Edmund
  2852 | D:4      | Reached skill level 5 in Fighting
  2852 | D:4      | Reached XP level 7. HP: 61/61 MP: 8/8
  2884 | D:4      | Noticed Sigmund
  2892 | D:4      | Killed Sigmund
  3289 | D:5      | Entered Level 5 of the Dungeon
  3315 | D:5      | Found a transporter.
  3427 | D:5      | Found a transporter.
  3435 | D:5      | Reached skill level 1 in Dodging
  3435 | D:5      | Reached skill level 1 in Evocations
  3479 | D:5      | Reached skill level 1 in Stealth
  3491 | D:5      | Reached XP level 8. HP: 68/70 MP: 9/9
  3551 | D:5      | Noticed a hornet
  3557 | D:5      | Paralysed by a hornet for 3 turns
  3559 | D:5      | Killed a hornet
  3565 | D:5      | Found Cowunyh's General Store.
  3620 | D:5      | Identified the +0 pair of gloves of Xeluin {Rampage Regen+
                  | Dex+3}
  3667 | D:5      | Reached ***** piety under Jiyva
  3700 | D:5      | Found a runed translucent door.
  3701 | D:5      | Gained mutation: You are partially covered in iridescent
                  | scales. (AC +2) [Jiyva's grace]
  3701 | D:5      | Gained mutation: You are mostly covered in iridescent
                  | scales. (AC +4) [Jiyva's grace]
  3701 | D:5      | Gained mutation: You are completely covered in iridescent
                  | scales. (AC +6) [Jiyva's grace]
  3701 | D:5      | Gained mutation: You have a pair of large horns on your
                  | head. [Jiyva's grace]
  3701 | D:5      | Noticed Crazy Yiuf
  3712 | D:5      | Killed Crazy Yiuf
  3842 | D:5      | Found a staircase to the Ecumenical Temple.
  3923 | D:5      | Found a sacrificial altar of Ru.
  4534 | D:7      | Noticed Menkaure
  4539 | D:7      | Killed Menkaure
  4540 | D:7      | Reached skill level 5 in Shields
  4540 | D:7      | Reached XP level 9. HP: 78/78 MP: 10/10
  4571 | D:7      | Found a broken altar of Ashenzari.
  4799 | D:7      | Noticed Prince Ribbit
  4816 | D:7      | Killed Prince Ribbit
  4817 | D:7      | Reached skill level 1 in Axes
  4817 | D:7      | Reached skill level 10 in Polearms
  5126 | D:8      | Reached ****** piety under Jiyva
  5335 | D:8      | Lost mutation: You have a pair of large horns on your head.
                  | [Jiyva's grace]
  5335 | D:8      | Lost mutation: You have a greatly increased reservoir of
                  | magic. (+30% MP) [Jiyva's grace]
  5335 | D:8      | Gained mutation: You have a pair of large horns on your
                  | head. [Jiyva's grace]
  5335 | D:8      | Gained mutation: You have a small jelly attached to you
                  | that senses nearby items. [Jiyva's grace]
  5335 | D:8      | Gained mutation: You expend magic power (3 MP) to
                  | strengthen your wands. [Jiyva's grace]
  5335 | D:8      | Gained mutation: Your body has grown eyes which may confuse
                  | attackers. (Acc +3) [Jiyva's grace]
  5402 | D:8      | Found a glowing golden altar of the Shining One.
  5411 | D:8      | Found a burning altar of Makhleb.
  5636 | D:8      | Found a bloodstained altar of Trog.
  6076 | D:9      | Found a staircase to the Lair.
  6133 | D:9      | Reached skill level 5 in Axes
  6134 | D:9      | Reached XP level 10. HP: 72/90 MP: 11/11
  6176 | D:9      | Found a radiant altar of Vehumet.
  6202 | D:9      | Reached skill level 1 in Maces & Flails
  6330 | D:9      | Found an iron altar of Okawaru.
  6330 | D:9      | Found a shadowy altar of Dithmenos.
  6430 | D:9      | Noticed a two-headed ogre
  6443 | D:9      | Killed a two-headed ogre
  6444 | D:9      | Reached skill level 5 in Dodging
  6572 | D:9      | Lost mutation: You are completely covered in iridescent
                  | scales. (AC +6) [Jiyva's grace]
  6572 | D:9      | Lost mutation: You have a small jelly attached to you that
                  | senses nearby items. [Jiyva's grace]
  6572 | D:9      | Lost mutation: You expend magic power (3 MP) to strengthen
                  | your wands. [Jiyva's grace]
  6572 | D:9      | Gained mutation: You have a small jelly attached to you
                  | that may absorb projectiles. [Jiyva's grace]
  6572 | D:9      | Gained mutation: Your translucent skin slightly reduces
                  | your foes' accuracy. (Stealth+) [Jiyva's grace]
  6572 | D:9      | Gained mutation: Your translucent skin reduces your foes'
                  | accuracy. (Stealth+) [Jiyva's grace]
  6572 | D:9      | Gained mutation: Your transparent skin significantly
                  | reduces your foes' accuracy. (Stealth+) [Jiyva's grace]
  6814 | Lair:1   | Entered Level 1 of the Lair of Beasts
  6881 | Lair:1   | Reached skill level 5 in Maces & Flails
  6897 | Lair:1   | Noticed a boulder beetle
  6913 | Lair:1   | Killed a boulder beetle
  7041 | Lair:1   | Reached XP level 11. HP: 97/97 MP: 12/12
  7071 | Lair:1   | Noticed a seven-headed hydra
  7073 | Lair:1   | Noticed a four-headed hydra
  7073 | Lair:1   | Noticed Gelion's ghost (journeyman TrSh)
  7131 | Lair:1   | Found a dark tunnel.
  7147 | Volcano  | Entered a volcano
  7737 | Lair:1   | Found a transporter.
  7740 | Lair:1   | Noticed an eight-headed hydra
  7741 | Lair:1   | Found a transporter.
  8184 | Lair:2   | Lost mutation: You have a considerably increased reservoir
                  | of magic. (+20% MP) [Jiyva's grace]
  8184 | Lair:2   | Gained mutation: You are partially covered in large bone
                  | plates. (SH +4) [Jiyva's grace]
  8184 | Lair:2   | Gained mutation: You are mostly covered in large bone
                  | plates. (SH +6) [Jiyva's grace]
  8184 | Lair:2   | Gained mutation: You are completely covered in large bone
                  | plates. (SH +8) [Jiyva's grace]
  8184 | Lair:2   | Gained mutation: You have sharp toenails. [Jiyva's grace]
  8901 | Lair:3   | Noticed a bog body
  8912 | Lair:3   | Noticed a bog body
  8916 | Lair:3   | Killed a bog body
  8917 | Lair:3   | Reached skill level 10 in Fighting
  8917 | Lair:3   | Found a staircase to the Swamp.
  8924 | Lair:3   | Killed a bog body
  9022 | Lair:3   | Found a hole to the Spider Nest.
  9157 | Lair:3   | Reached skill level 10 in Maces & Flails
  9525 | Lair:3   | Noticed a seven-headed hydra
  9532 | Lair:3   | Killed a seven-headed hydra
  9619 | Lair:4   | Noticed a five-headed hydra
  9627 | Lair:4   | Killed a five-headed hydra
  9644 | Lair:4   | Noticed Rupert
  9657 | Lair:4   | Killed Rupert
  9658 | Lair:4   | Reached XP level 12. HP: 46/108 MP: 12/12
  9690 | Lair:4   | Lost mutation: You are completely covered in large bone
                  | plates. (SH +8) [Jiyva's grace]
  9690 | Lair:4   | Lost mutation: Your transparent skin significantly reduces
                  | your foes' accuracy. (Stealth+) [Jiyva's grace]
  9690 | Lair:4   | Lost mutation: Your melee attacks may engulf your foes in
                  | ooze. [Jiyva's grace]
  9690 | Lair:4   | Gained mutation: You have a small jelly attached to you
                  | that senses nearby items. [Jiyva's grace]
  9690 | Lair:4   | Gained mutation: Your mind is acute. (Int +4, Str/Dex -1)
                  | [Jiyva's grace]
  9690 | Lair:4   | Gained mutation: Your mind is very acute. (Int +8, Str/Dex
                  | -2) [Jiyva's grace]
  9690 | Lair:4   | Gained mutation: Your movements are slightly less
                  | encumbered by armour. (ER -2) [Jiyva's grace]
  9909 | Lair:4   | Found a hide-covered altar of Uskayaw.
  9911 | Lair:4   | Found an ornate altar of the Wu Jian Council.
  9911 | Lair:4   | Noticed a boulder beetle
  9937 | Lair:4   | Killed a boulder beetle
 10922 | Lair:5   | Entered Level 5 of the Lair of Beasts
 10975 | Lair:5   | Reached skill level 5 in Stealth
 11189 | Lair:5   | HP: 3/110 [molten gargoyle/bolt of magma (34)]
 11190 | Lair:5   | HP: 1/110 [komodo dragon (18)]
 11239 | Lair:5   | Found a large runed translucent door.
 11239 | Lair:5   | Found a large runed translucent door.
 11239 | Lair:5   | Noticed a fire dragon
 11402 | Lair:5   | Noticed Sonja
 11424 | Lair:5   | Killed Sonja
 11439 | Lair:5   | Lost mutation: You have a pair of large horns on your head.
                  | [Jiyva's grace]
 11439 | Lair:5   | Lost mutation: You have sharp toenails. [Jiyva's grace]
 11439 | Lair:5   | Lost mutation: You are mostly covered in large bone plates.
                  | (SH +6) [Jiyva's grace]
 11439 | Lair:5   | Gained mutation: Your body has grown many eyes which may
                  | confuse attackers. (Acc +5) [Jiyva's grace]
 11439 | Lair:5   | Gained mutation: Your body is covered in eyes which may
                  | confuse attackers. (Acc +7, SInv) [Jiyva's grace]
 11439 | Lair:5   | Gained mutation: You possess an exceptional clarity of
                  | mind. [Jiyva's grace]
 11439 | Lair:5   | Gained mutation: You are completely covered in iridescent
                  | scales. (AC +6) [Jiyva's grace]
 11485 | Lair:5   | Noticed a death yak
 11485 | Lair:5   | Noticed a death yak
 11487 | Lair:5   | Noticed a death yak
 11495 | Lair:5   | Noticed a death yak
 11498 | Lair:5   | Noticed a death yak
 11505 | Lair:5   | Reached XP level 13. HP: 107/117 MP: 13/13
 11792 | Lair:5   | Found a runed translucent door.
 11793 | Lair:5   | Found a viscous altar of Jiyva.
 11793 | Lair:5   | Noticed an azure jelly
 11793 | Lair:5   | Noticed an azure jelly
 11793 | Lair:5   | Noticed an azure jelly
 11793 | Lair:5   | Noticed an azure jelly
 11796 | Lair:5   | Found a staircase to the Slime Pits.
 11806 | Slime:1  | Entered Level 1 of the Pits of Slime
 11811 | Slime:1  | Noticed a quicksilver ooze
 11823 | Slime:1  | Noticed an acid blob
 11843 | Slime:1  | Noticed an acid blob
 11940 | Slime:2  | Noticed a formless jellyfish
 11940 | Slime:2  | Noticed a formless jellyfish
 11940 | Slime:2  | Noticed a formless jellyfish
 11940 | Slime:2  | Noticed a formless jellyfish
 11940 | Slime:2  | Noticed a formless jellyfish
 11940 | Slime:2  | Noticed a formless jellyfish
 11942 | Slime:2  | Noticed an acid blob
 12004 | Slime:2  | Noticed an acid blob
 12025 | Slime:2  | Noticed an acid blob
 12028 | Slime:2  | Noticed a quicksilver ooze
 12055 | Slime:2  | Noticed an azure jelly
 12198 | Slime:3  | Noticed a formless jellyfish
 12198 | Slime:3  | Noticed a formless jellyfish
 12198 | Slime:3  | Noticed a formless jellyfish
 12216 | Slime:3  | Noticed a quicksilver ooze
 12347 | Slime:4  | Noticed an acid blob
 12423 | Slime:4  | Noticed an acid blob
 12650 | Slime:5  | Entered Level 5 of the Pits of Slime
 12654 | Slime:5  | Noticed an acid blob
 12677 | Slime:5  | Noticed an acid blob
 12730 | Slime:5  | Noticed a quicksilver ooze
 12739 | Slime:5  | Noticed a quicksilver ooze
 12765 | Slime:5  | Noticed a rockslime
 12792 | Slime:5  | Noticed an acid blob
 12801 | Slime:5  | Noticed an acid blob
 12826 | Slime:5  | Noticed a rockslime
 12827 | Slime:5  | Noticed the Royal Jelly
 12827 | Slime:5  | Noticed an acid blob
 12828 | Slime:5  | Found a viscous altar of Jiyva.
 12828 | Slime:5  | Noticed a rockslime
 12828 | Slime:5  | Noticed an acid blob
 12829 | Slime:5  | Noticed an acid blob
 12830 | Slime:5  | Noticed an acid blob
 12833 | Slime:5  | Identified the +2 plate armour of Ibbevvyl {rPois Int+3}
 12836 | Slime:5  | Identified the +4 ring mail of the Kitsune {rF- rCorr
                  | Slay+2}
 12838 | Slime:5  | Identified the amulet of Gozag's Whim {RegenMP rElec Int+5
                  | Dex-2}
 12841 | Slime:5  | Identified the +11 great sword "Qiasiru" {flame, rC- Str+4
                  | SInv Stlth+}
 12860 | Slime:5  | Identified the +3 chain mail "Zuyh Cag" {rElec Will++
                  | Str+4}
 12888 | Slime:5  | Got a slimy rune of Zot
 13381 | D:10     | Entered Level 10 of the Dungeon
 13661 | D:10     | Found a hide-covered altar of Uskayaw.
 14002 | D:11     | Found a staircase to the Orcish Mines.
 14049 | D:11     | Noticed Maurice
 14054 | D:11     | Killed Maurice
 14069 | D:11     | Noticed Erica
 14080 | D:11     | Killed Erica
 14212 | D:11     | Identified the +0 leather armour of Xom's Delight {Str+2
                  | Dex+6}
 14354 | Orc:1    | Entered Level 1 of the Orcish Mines
 14451 | Orc:1    | Found Ajut's Distillery.
 14514 | Orc:1    | Reached skill level 10 in Shields
 14531 | Orc:1    | Lost mutation: You possess an exceptional clarity of mind.
                  | [Jiyva's grace]
 14531 | Orc:1    | Lost mutation: Your body is covered in eyes which may
                  | confuse attackers. (Acc +7, SInv) [Jiyva's grace]
 14531 | Orc:1    | Lost mutation: You have a small jelly attached to you that
                  | senses nearby items. [Jiyva's grace]
 14531 | Orc:1    | Gained mutation: Your body is covered in eyes which may
                  | confuse attackers. (Acc +7, SInv) [Jiyva's grace]
 14531 | Orc:1    | Gained mutation: Your spells are a little harder to cast,
                  | but a little more powerful. [Jiyva's grace]
 14531 | Orc:1    | Gained mutation: Your spells are harder to cast, but more
                  | powerful. [Jiyva's grace]
 14531 | Orc:1    | Gained mutation: Your spells are much harder to cast, but
                  | much more powerful. [Jiyva's grace]
 14697 | Orc:2    | Entered Level 2 of the Orcish Mines
 14740 | Orc:2    | Reached XP level 14. HP: 127/127 MP: 14/14
 14790 | Orc:2    | Reached skill level 15 in Maces & Flails
 14890 | Orc:2    | Found Urphaohop's Assorted Antiques.
 14890 | Orc:2    | Found Jitodextida's Magic Scroll Shop.
 14921 | Orc:2    | Found Kouriuts's Antique Weapon Emporium.
 14965 | Orc:2    | Found Berghiovi's Antique Weapon Boutique.
 15018 | Orc:2    | Found a staircase to the Elven Halls.
 15257 | Orc:2    | Bought a warped morningstar for 324 gold pieces
 15257 | Orc:2    | Identified the +3 morningstar of the Four Visionaries
                  | {flame, rN+ Str+4} (You bought it in a shop on level 2 of
                  | the Orcish Mines)
 15803 | D:12     | Noticed an orc warlord
 15818 | D:12     | Killed an orc warlord
 15967 | D:12     | Found Qanedgh's Distillery.
 15974 | D:12     | Bought 2 potions of heal wounds for 110 gold pieces
 15974 | D:12     | Bought a potion of heal wounds for 55 gold pieces
 15974 | D:12     | Bought a potion of mutation for 88 gold pieces
 15974 | D:12     | Bought a potion of mutation for 88 gold pieces
 15974 | D:12     | Bought 2 potions of curing for 66 gold pieces
 15974 | D:12     | Identified a scroll of acquirement
 15974 | D:12     | Acquired the ring "Isus" {Fly Str+4 Stlth+}
 16426 | D:13     | Noticed Josephine
 16440 | D:13     | Killed Josephine
 16550 | D:13     | Noticed Urug
 16563 | D:13     | Killed Urug
 16569 | D:13     | Found a runed translucent gate.
 16570 | D:13     | Found a runed translucent gate.
 16571 | D:13     | Found a runed translucent gate.
 16589 | D:13     | Noticed GiantSquids's ghost (novice OpSh)
 16628 | D:13     | Lost mutation: You are completely covered in iridescent
                  | scales. (AC +6) [Jiyva's grace]
 16628 | D:13     | Lost mutation: Your mind is very acute. (Int +8, Str/Dex
                  | -2) [Jiyva's grace]
 16628 | D:13     | Gained mutation: You have acidic saliva. [Jiyva's grace]
 16628 | D:13     | Gained mutation: Your melee attacks may engulf your foes in
                  | ooze. [Jiyva's grace]
 16628 | D:13     | Gained mutation: You possess an exceptional clarity of
                  | mind. [Jiyva's grace]
 16628 | D:13     | Gained mutation: Your transparent skin significantly
                  | reduces your foes' accuracy. (Stealth+) [Jiyva's grace]
 16670 | D:13     | Found a gate to the Vaults.
 16681 | D:13     | Reached skill level 10 in Armour
 16889 | D:13     | Reached XP level 15. HP: 116/138 MP: 15/15
 17056 | D:13     | Killed GiantSquids's ghost
 17180 | D:14     | Identified the +3 morningstar "Dodghi" {heavy, +Blink MP-9
                  | Int+4 SInv}
 17442 | D:14     | Found a basalt altar of Yredelemnul.
 17815 | D:15     | Entered Level 15 of the Dungeon
 17856 | D:15     | Noticed Jorgrun
 17860 | D:15     | Killed Jorgrun
 18102 | D:15     | Lost mutation: You are partially covered in large bone
                  | plates. (SH +4) [Jiyva's grace]
 18102 | D:15     | Lost mutation: You have acidic saliva. [Jiyva's grace]
 18102 | D:15     | Lost mutation: Your transparent skin significantly reduces
                  | your foes' accuracy. (Stealth+) [Jiyva's grace]
 18102 | D:15     | Gained mutation: You passively dampen the noise of your
                  | surroundings. [Jiyva's grace]
 18102 | D:15     | Gained mutation: You are agile. (Dex +4, Str/Int -1)
                  | [Jiyva's grace]
 18102 | D:15     | Gained mutation: You are very agile. (Dex +8, Str/Int -2)
                  | [Jiyva's grace]
 18102 | D:15     | Gained mutation: Your flesh is cold resistant. (rC+)
                  | [Jiyva's grace]
 18151 | D:15     | Found a staircase to the Depths.
 18426 | D:15     | Found Hurade's Weapon Shoppe.
 18976 | Spider:1 | Entered Level 1 of the Spider Nest
 19075 | Spider:1 | Reached skill level 15 in Fighting
 19527 | Spider:1 | Noticed an emperor scorpion
 19531 | Spider:1 | Slimified an emperor scorpion
 19531 | Spider:1 | an emperor scorpion changed into a slime creature
 19903 | Spider:2 | Reached XP level 16. HP: 140/149 MP: 16/16
 20263 | Spider:2 | Reached skill level 10 in Stealth
 21505 | Spider:3 | Lost mutation: You are mostly covered in iridescent scales.
                  | (AC +4) [Jiyva's grace]
 21505 | Spider:3 | Lost mutation: Your translucent skin reduces your foes'
                  | accuracy. (Stealth+) [Jiyva's grace]
 21505 | Spider:3 | Gained mutation: Your rubbery body absorbs attacks. (AC +1,
                  | EV +1) [Jiyva's grace]
 21505 | Spider:3 | Gained mutation: Your pliable body absorbs attacks. (AC +2,
                  | EV +2) [Jiyva's grace]
 21505 | Spider:3 | Gained mutation: Your gelatinous body deflects attacks. (AC
                  | +3, EV +3) [Jiyva's grace]
 21505 | Spider:3 | Gained mutation: You have sharp toenails. [Jiyva's grace]
 21845 | Spider:4 | Entered Level 4 of the Spider Nest
 22066 | Spider:4 | Reached skill level 10 in Dodging
 22231 | Spider:4 | Reached XP level 17. HP: 155/160 MP: 17/17
 22266 | Spider:4 | Got a gossamer rune of Zot
 23070 | Swamp:1  | Entered Level 1 of the Swamp
 23228 | Swamp:1  | Found a stormy altar of Qazlal.
 23354 | Swamp:1  | Identified the +7 plate armour of the Quick Chimera
                  | {+Blink}
 24036 | Swamp:2  | Lost mutation: You have sharp toenails. [Jiyva's grace]
 24036 | Swamp:2  | Lost mutation: You are partially covered in iridescent
                  | scales. (AC +2) [Jiyva's grace]
 24036 | Swamp:2  | Gained mutation: You are robust. (+10% HP) [Jiyva's grace]
 24036 | Swamp:2  | Gained mutation: You are very robust. (+20% HP) [Jiyva's
                  | grace]
 24036 | Swamp:2  | Gained mutation: You are extremely robust. (+30% HP)
                  | [Jiyva's grace]
 24036 | Swamp:2  | Gained mutation: Armour fits poorly on your pseudopods.
                  | [Jiyva's grace]
 24158 | Swamp:3  | Noticed Bai Suzhen
 24170 | Swamp:3  | Killed Bai Suzhen
 24202 | Swamp:3  | Noticed Roxanne
 24242 | Swamp:3  | Killed Roxanne
 24700 | Swamp:4  | Entered Level 4 of the Swamp
 24793 | Swamp:4  | Reached skill level 15 in Shields
 24947 | Swamp:4  | Reached XP level 18. HP: 222/222 MP: 18/18
 25098 | Swamp:4  | Noticed a tentacled monstrosity
 25109 | Swamp:4  | Killed a tentacled monstrosity
 25437 | Swamp:4  | Noticed a bone dragon
 25456 | Swamp:4  | Slimified a bone dragon
 25456 | Swamp:4  | a bone dragon changed into a slime creature
 25471 | Swamp:4  | Got a decaying rune of Zot
 25858 | Vaults:1 | Entered Level 1 of the Vaults
 26089 | Abyss:3  | Cast into level 3 of the Abyss (vault warden)
 26101 | Vaults:1 | Escaped the Abyss
 26324 | Vaults:1 | Lost mutation: You are very agile. (Dex +8, Str/Int -2)
                  | [Jiyva's grace]
 26324 | Vaults:1 | Lost mutation: You possess an exceptional clarity of mind.
                  | [Jiyva's grace]
 26324 | Vaults:1 | Lost mutation: Your mind is acute. (Int +4, Str/Dex -1)
                  | [Jiyva's grace]
 26324 | Vaults:1 | Lost mutation: You have an increased reservoir of magic.
                  | (+10% MP) [Jiyva's grace]
 26324 | Vaults:1 | Lost mutation: You are extremely robust. (+30% HP) [Jiyva's
                  | grace]
 26324 | Vaults:1 | Lost mutation: You have a small jelly attached to you that
                  | may absorb projectiles. [Jiyva's grace]
 26324 | Vaults:1 | Gained mutation: You have hidden genetic potential.
                  | [Jiyva's grace]
 26324 | Vaults:1 | Gained mutation: You have great hidden genetic potential.
                  | [Jiyva's grace]
 26324 | Vaults:1 | Gained mutation: Your muscles are strong. (Str +4, Int/Dex
                  | -1) [Jiyva's grace]
 26324 | Vaults:1 | Gained mutation: Your muscles are very strong. (Str +8,
                  | Int/Dex -2) [Jiyva's grace]
 26415 | Vaults:1 | Found a portal to a secret trove of treasure.
 27079 | Vaults:1 | Found Gomiwane's Book Shoppe.
 27750 | Vaults:2 | Noticed Jory
 27753 | Vaults:2 | Slimified Jory
 27753 | Vaults:2 | Jory changed into Jory the acid blob
 27753 | Vaults:2 | Noticed Jory
 27767 | Vaults:2 | Noticed Xtahua
 27773 | Vaults:2 | Slimified Xtahua
 27773 | Vaults:2 | Xtahua changed into Xtahua the acid blob
 27773 | Vaults:2 | Noticed Xtahua
 27803 | Vaults:2 | Noticed Sojobo
 27851 | Vaults:2 | Slimified Sojobo
 27851 | Vaults:2 | Sojobo changed into Sojobo the azure jelly
 27851 | Vaults:2 | Noticed Sojobo
 27887 | Vaults:2 | Found a staircase to the Crypt.
 28195 | Vaults:2 | Lost mutation: Your muscles are very strong. (Str +8,
                  | Int/Dex -2) [Jiyva's grace]
 28195 | Vaults:2 | Lost mutation: Your spells are much harder to cast, but
                  | much more powerful. [Jiyva's grace]
 28195 | Vaults:2 | Lost mutation: Your spells are harder to cast, but more
                  | powerful. [Jiyva's grace]
 28195 | Vaults:2 | Lost mutation: Your body is covered in eyes which may
                  | confuse attackers. (Acc +7, SInv) [Jiyva's grace]
 28195 | Vaults:2 | Lost mutation: Armour fits poorly on your pseudopods.
                  | [Jiyva's grace]
 28195 | Vaults:2 | Lost mutation: You have great hidden genetic potential.
                  | [Jiyva's grace]
 28195 | Vaults:2 | Lost mutation: Your movements are slightly less encumbered
                  | by armour. (ER -2) [Jiyva's grace]
 28195 | Vaults:2 | Gained mutation: You are covered in slimy tendrils that may
                  | disarm your opponents. [Jiyva's grace]
 28195 | Vaults:2 | Gained mutation: Your muscles are very strong. (Str +8,
                  | Int/Dex -2) [Jiyva's grace]
 28195 | Vaults:2 | Gained mutation: You are partially covered in iridescent
                  | scales. (AC +2) [Jiyva's grace]
 28195 | Vaults:2 | Gained mutation: You are mostly covered in iridescent
                  | scales. (AC +4) [Jiyva's grace]
 28862 | Vaults:3 | Reached XP level 19. HP: 217/217 MP: 18/18
 29199 | Vaults:3 | Found Lodeji's Assorted Antiques.
 29413 | Vaults:3 | Lost mutation: You are agile. (Dex +4, Str/Int -1) [Jiyva's
                  | grace]
 29413 | Vaults:3 | Lost mutation: You are very robust. (+20% HP) [Jiyva's
                  | grace]
 29413 | Vaults:3 | Gained mutation: You have a small jelly attached to you
                  | that senses nearby items. [Jiyva's grace]
 29413 | Vaults:3 | Gained mutation: You have sharp toenails. [Jiyva's grace]
 29413 | Vaults:3 | Gained mutation: You have razor-sharp toenails. [Jiyva's
                  | grace]
 29413 | Vaults:3 | Gained mutation: You have claws for feet. [Jiyva's grace]
 30141 | Vaults:4 | Gained mutation: Your movements are slightly less
                  | encumbered by armour. (ER -2) [hidden potential]
 30855 | Elf:1    | Entered Level 1 of the Elven Halls
 30911 | Elf:1    | Found Zaqeeru's Book Emporium.
 30913 | Elf:1    | Found Hymimo's Weapon Shoppe.
 30913 | Elf:1    | Found Piucw's Magic Scroll Emporium.
 30918 | Elf:1    | Found Ditenyest's Assorted Antiques.
 30935 | Elf:1    | Bought a scroll of blinking for 112 gold pieces
 31137 | Elf:1    | Paralysed by an air elemental for 1 turns
 31150 | Elf:1    | Identified the +7 trident "Beetleslayer" {spect, Will+}
 31402 | Elf:1    | Identified the +1 helmet of Beogh's Approval {Int+3 Stlth+}
 31428 | Elf:1    | You are sucked into a shaft and drop 1 floor!
 31437 | Elf:2    | Found an ancient bone altar of Kikubaaqudgha.
 31813 | Elf:2    | Identified the +2 dagger of Upheaval {flame, rElec rPois
                  | Stlth-}
 31844 | Elf:2    | Lost mutation: You are mostly covered in iridescent scales.
                  | (AC +4) [Jiyva's grace]
 31844 | Elf:2    | Lost mutation: Your gelatinous body deflects attacks. (AC
                  | +3, EV +3) [Jiyva's grace]
 31844 | Elf:2    | Gained mutation: Your system is resistant to poisons.
                  | (rPois) [Jiyva's grace]
 31844 | Elf:2    | Gained mutation: You are strong-willed. (Will+) [Jiyva's
                  | grace]
 31844 | Elf:2    | Gained mutation: You are highly strong-willed. (Will++)
                  | [Jiyva's grace]
 31844 | Elf:2    | Gained mutation: You are extremely strong-willed. (Will+++)
                  | [Jiyva's grace]
 31903 | Elf:2    | Reached XP level 20. HP: 209/212 MP: 19/19
 32144 | Elf:2    | Identified the +4 trident "Coydipnug" {pain, *Corrode rPois
                  | rC+ Int+3}
 32350 | Elf:2    | Found a runed translucent gate.
 32351 | Elf:2    | Found a runed translucent gate.
 32351 | Elf:2    | Found a runed translucent gate.
 32644 | Elf:2    | Gained mutation: You are agile. (Dex +4, Str/Int -1)
                  | [hidden potential]
 32644 | Elf:2    | Lost mutation: You have hidden genetic potential. [hidden
                  | potential expressed]
 33192 | Depths:1 | Entered Level 1 of the Depths
 33204 | Depths:1 | Reached skill level 15 in Stealth
 33297 | Depths:1 | Noticed Asterion
 33298 | Depths:1 | Found a runed translucent gate.
 33298 | Depths:1 | Found a runed translucent gate.
 33308 | Depths:1 | Found a runed translucent gate.
 33331 | Depths:1 | Killed Asterion
 33354 | Depths:1 | Noticed bobo's ghost (adept GnHu)
 33354 | Depths:1 | Noticed Futuid's ghost (veteran MfSu)
 33380 | Depths:1 | Found a one-way gate leading to the halls of Pandemonium.
 33435 | Depths:1 | Found Zufafy's Magic Scroll Shop.
 33728 | Depths:1 | Reached skill level 15 in Armour
 33794 | Depths:1 | Reached XP level 21. HP: 188/222 MP: 20/20
 33808 | Depths:1 | Found Plog's General Store.
 33816 | Depths:1 | Found a gateway to Hell.
 34004 | Depths:1 | Found a runed translucent door.
 34268 | Depths:1 | Killed Futuid's ghost
 34283 | Depths:1 | Killed bobo's ghost
 35328 | Depths:2 | Found a shimmering blue altar of Sif Muna.
 35329 | Depths:2 | Identified the amulet of Suicidal Tendencies {RegenMP
                  | Dex+3}
 35436 | Depths:2 | Lost mutation: You have claws for feet. [Jiyva's grace]
 35436 | Depths:2 | Lost mutation: Your spells are a little harder to cast, but
                  | a little more powerful. [Jiyva's grace]
 35436 | Depths:2 | Lost mutation: Your body has grown many eyes which may
                  | confuse attackers. (Acc +5) [Jiyva's grace]
 35436 | Depths:2 | Gained mutation: You have a small jelly attached to you
                  | that may absorb projectiles. [Jiyva's grace]
 35436 | Depths:2 | Gained mutation: You are covered in fur. (AC +1) [Jiyva's
                  | grace]
 35436 | Depths:2 | Gained mutation: You are covered in thick fur. (AC +2)
                  | [Jiyva's grace]
 35436 | Depths:2 | Gained mutation: Your thick and shaggy fur keeps you warm.
                  | (AC +3, rC+) [Jiyva's grace]
 35449 | Depths:2 | Got Mnoleg's Tome of Summoning
 35457 | Depths:2 | Identified the +0 plate armour of the Valley of Death {rC+
                  | rN+ Stlth+}
 35779 | Depths:3 | Reached skill level 15 in Polearms
 35876 | Depths:3 | Found a one-way gate to the infinite horrors of the Abyss.
 36216 | Depths:3 | Noticed a juggernaut
 36220 | Depths:3 | Slimified a juggernaut
 36220 | Depths:3 | a juggernaut changed into an azure jelly
 36264 | Depths:3 | Found a one-way gateway to a ziggurat.
 36766 | Depths:4 | Entered Level 4 of the Depths
 37092 | Depths:4 | Noticed a golden dragon
 37120 | Depths:4 | Killed a golden dragon
 37240 | Depths:4 | Found Alies's General Store.
 37391 | Depths:4 | Reached XP level 22. HP: 226/234 MP: 21/21
 37462 | Depths:4 | Found a gate to the Realm of Zot.
 38131 | Zot:1    | Entered Level 1 of the Realm of Zot
 38335 | Zot:1    | Identified the staff of the Fresh God {rPois Int+3 Poison}
 38390 | Zot:1    | Acquired the +5 tower shield of Pint {+Inv}
 38627 | Zot:1    | Lost mutation: You have razor-sharp toenails. [Jiyva's
                  | grace]
 38627 | Zot:1    | Lost mutation: You have sharp toenails. [Jiyva's grace]
 38627 | Zot:1    | Lost mutation: Your flesh is cold resistant. (rC+) [Jiyva's
                  | grace]
 38627 | Zot:1    | Lost mutation: You are robust. (+10% HP) [Jiyva's grace]
 38627 | Zot:1    | Lost mutation: Your thick and shaggy fur keeps you warm.
                  | (AC +3, rC+) [Jiyva's grace]
 38627 | Zot:1    | Lost mutation: Your muscles are very strong. (Str +8,
                  | Int/Dex -2) [Jiyva's grace]
 38627 | Zot:1    | Lost mutation: Your pliable body absorbs attacks. (AC +2,
                  | EV +2) [Jiyva's grace]
 38627 | Zot:1    | Lost mutation: You are covered in slimy tendrils that may
                  | disarm your opponents. [Jiyva's grace]
 38627 | Zot:1    | Lost mutation: You have a small jelly attached to you that
                  | senses nearby items. [Jiyva's grace]
 38627 | Zot:1    | Gained mutation: A frigid envelope surrounds you and
                  | freezes all who hurt you. [Jiyva's grace]
 38627 | Zot:1    | Gained mutation: Your translucent skin reduces your foes'
                  | accuracy. (Stealth+) [Jiyva's grace]
 38627 | Zot:1    | Gained mutation: Your transparent skin significantly
                  | reduces your foes' accuracy. (Stealth+) [Jiyva's grace]
 38627 | Zot:1    | Gained mutation: Your pliable body absorbs attacks. (AC +2,
                  | EV +2) [Jiyva's grace]
 38922 | Zot:2    | Noticed Parghit
 38935 | Zot:2    | Slimified Parghit
 38935 | Zot:2    | Parghit changed into Parghit the acid blob
 38935 | Zot:2    | Noticed Parghit
 39026 | Zot:2    | Noticed a golden dragon
 39037 | Zot:2    | Killed a golden dragon
 39151 | Zot:2    | Acquired the scarf of Ashenzari's Generosity {rC+ rF+,
                  | Str+4}
 39998 | Zot:3    | Noticed a Killer Klown
 40015 | Zot:3    | Noticed a golden dragon
 40028 | Zot:3    | Killed a golden dragon
 40031 | Zot:3    | Killed a Killer Klown
 40073 | Zot:3    | Noticed an orb of fire
 40085 | Zot:3    | Gained mutation: Armour fits poorly on your strangely
                  | shaped body. [an orb of fire]
 40093 | Zot:3    | Killed an orb of fire
 40246 | Zot:3    | Noticed a curse toe
 40283 | Zot:3    | Slimified a curse toe
 40283 | Zot:3    | a curse toe changed into a slime creature
 40746 | Zot:3    | You are sucked into a shaft and drop 1 floor!
 40842 | Zot:4    | Noticed a golden dragon
 40845 | Zot:4    | Noticed an orb of fire
 40860 | Zot:4    | Lost mutation: Your muscles are strong. (Str +4, Int/Dex
                  | -1) [an orb of fire]
 40861 | Zot:4    | Killed an orb of fire
 40863 | Zot:4    | Slimified a golden dragon
 40863 | Zot:4    | a golden dragon changed into an acid blob
 40955 | Zot:4    | Reached XP level 23. HP: 221/224 MP: 22/22
 41233 | Zot:4    | Lost mutation: You are partially covered in iridescent
                  | scales. (AC +2) [Jiyva's grace]
 41233 | Zot:4    | Lost mutation: Armour fits poorly on your strangely shaped
                  | body. [Jiyva's grace]
 41233 | Zot:4    | Lost mutation: You are extremely strong-willed. (Will+++)
                  | [Jiyva's grace]
 41233 | Zot:4    | Lost mutation: You are highly strong-willed. (Will++)
                  | [Jiyva's grace]
 41233 | Zot:4    | Lost mutation: You are covered in thick fur. (AC +2)
                  | [Jiyva's grace]
 41233 | Zot:4    | Lost mutation: Your body has grown eyes which may confuse
                  | attackers. (Acc +3) [Jiyva's grace]
 41233 | Zot:4    | Lost mutation: Your transparent skin significantly reduces
                  | your foes' accuracy. (Stealth+) [Jiyva's grace]
 41233 | Zot:4    | Lost mutation: Your movements are slightly less encumbered
                  | by armour. (ER -2) [Jiyva's grace]
 41233 | Zot:4    | Lost mutation: You passively dampen the noise of your
                  | surroundings. [Jiyva's grace]
 41233 | Zot:4    | Gained mutation: You are covered in slimy tendrils that may
                  | disarm your opponents. [Jiyva's grace]
 41233 | Zot:4    | Gained mutation: Your gelatinous body deflects attacks. (AC
                  | +3, EV +3) [Jiyva's grace]
 41233 | Zot:4    | Gained mutation: You have acidic saliva. [Jiyva's grace]
 41233 | Zot:4    | Gained mutation: You are partially covered in iridescent
                  | scales. (AC +2) [Jiyva's grace]
 41249 | Zot:4    | Found a runed translucent gate.
 41250 | Zot:4    | Found a runed translucent gate.
 41250 | Zot:4    | Found a runed translucent gate.
 41252 | Zot:4    | Noticed Goplog's ghost (master TeAE)
 41252 | Zot:4    | Noticed a curse toe
 41253 | Zot:4    | Noticed a dread lich
 41472 | Zot:5    | Entered Level 5 of the Realm of Zot
 41513 | Zot:5    | HP: 11/224 [constriction (7)]
 41515 | Zot:5    | HP: 1/224 [red draconian/+0 halberd[a red draconian
                  | scorcher] (8)]
 41515 | Zot:5    | Demolished by a purple draconian

Illustrated notes

Levels and vault maps discovered:
D:1:      dpeg_arrival_shrine, layout_basic, shapermc_ecumenical_altar_ellora,
          st_stairs_14
D:2:      layout_loops_corners
D:3:      layout_basic, nicolae_overflow_crystal_walls
D:4:      layout_basic, mainiacjoe_overflow_six_doors_small,
          mainiacjoe_overflow_boulevard, mainiacjoe_overflow_cross_hatched,
          nicolae_take_the_stairs, sigmund_edmund_badplayer
D:5:      gammafunk_wand_slinger, layout_rooms,
          mainiacjoe_overflow_small_starburst,
          minmay_temple_entry_enclosed_plants, serial_shops,
          nicolae_shop_crystal, minmay_tree_intersection,
          uniq_crazy_yiuf_cottage
D:6:      layout_cave_pools
D:7:      layout_basic, cheibrodos_ashenzari_chains, serial_rivers,
          chequers_serial_rivers_micro_e, chequers_serial_rivers_marsh,
          chequers_serial_rivers_micro_b, chequers_serial_rivers_micro_e,
          chequers_serial_rivers_small_3, uniq_menkaure, uniq_prince_ribbit1
D:8:      layout_basic, mainiacjoe_overflow_alcove_1, kennysheep_mini_moat,
          makhleb_grotto_becter
D:9:      layout_cave_pools, mainiacjoe_overflow_catwalk,
          gammafunk_temple_overflow_wave, dpeg_oklobed_lair, roderic_lattice_a
D:10:     layout_cross, eat_drink_and_be_merry_uskayaw, grunt_decor_resistance
D:11:     layout_rooms, hiddenorc2_lemuel, serial_demonic, serial_demonic_e,
          serial_demonic_c, serial_demonic_b, serial_demonic_a,
          lemuel_old_faithful, uniq_erica, uniq_maurice
D:12:     minmay_the_grid_3x3 [minmay_the_grid_minigrid_medium,
          minmay_the_grid_plusring, minmay_the_grid_empty,
          minmay_the_grid_armoury, minmay_the_grid_x, minmay_the_grid_box_x,
          minmay_the_grid_outer_circle, minmay_the_grid_holed_spiral,
          minmay_the_grid_prize_inner_circle], layout_loops_cross, serial_shops,
          shop
D:13:     layout_rooms, erik_vaults_1, maelrawn_ghost_gauntlet_escape,
          special_room [special_room_orc], dreamdust_princess_corridor,
          uniq_urug, uniq_josephine
D:14:     wad_river_or_something, layout_cave_pools, yredelemnul_altar_generic
D:15:     hangedman_depths_entry_try_elsewhere_first, layout_grid_maze,
          serial_shops, nicolae_shop_just_a_little_nook, uniq_jorgrun
Lair:1:   beast_lair_carwin_large_1, layout_gridlike, gammafunk_ghost_arena,
          enter_volcano_3
Lair:2:   layout_small_grid, infiniplex_staircase_pool
Lair:3:   layout_hall_layers, skrybe_swamp_entry_bodies,
          spider_nest_entry_web_field
Lair:4:   layout_cave_pods, cheibrodos_lair_caveside_slide,
          nzn_masters_of_martial_movement, serial_bayou_shore_b, uniq_rupert
Lair:5:   cheibrodos_lair_end_hotspot, layout_long_grid, slime_entry_2,
          uniq_sonja
Swamp:1:  layout_basic_swamp, lemuel_altar_in_water,
          nicolae_swamp_spriggan_camp, infiniplex_staircase_pool_2
Swamp:2:  layout_falls_marsh, hangedman_swamp_diagram, swamp_pool3
Swamp:3:  nicolae_swamp_decorative_isthmus, layout_falls_marsh,
          evilmike_swamp_ruin_rubble_1, uniq_roxanne, uniq_bai_suzhen
Swamp:4:  swamp_pestilence, layout_basic_swamp, swamp_pool2,
          hangedman_swamp_blocks, nicolae_swamp_snake_nest
Spider:1: layout_spider_delve
Spider:2: layout_spider_delve
Spider:3: layout_cave_pods
Spider:4: floodkiller_spider_rune_tomb
Slime:1:  layout_caves
Slime:2:  nicolae_slime_jelly_donut, layout_caves
Slime:3:  layout_caves
Slime:4:  layout_caves
Slime:5:  slime_pit
Orc:1:    layout_caves, serial_shops, shop
Orc:2:    st_orc_open, layout_caves
Elf:1:    elf_arrival_002, layout_gridlike, serial_corexii_hall,
          corexii_hall_statues_l, corexii_hall_statues_u,
          hangedman_elven_crosses_minicolossus, minmay_shoptagon
Elf:2:    nicolae_elf_blades_crystal_corner, layout_rooms, serial_sigils,
          serial_sigils_hangedman_quiver, serial_sigils_hangedman_stare,
          serial_sigils_hangedman_scratch, serial_sigils_hangedman_etch,
          basic_altar, special_room [special_room_mythical_zoo], fountainhead
Vaults:1: ontoclasm_vaults_ligature, nicolae_vaults_closet_pinwheel_5,
          vaults_dpeg_cross, nicolae_vaults_weapon_check, vaults_dpeg_hooks,
          nicolae_vaults_crenellated_ambush, v_alt_pattern_5, v_misc_8,
          vaults_mumra_chevron, layout_vaults_quadrants, serial_shops,
          nicolae_shop_tiny_glass, nicolae_trove_entry_path_of_doom
Vaults:2: minmay_crypt_entry_simple_box, ontoclasm_vaults_claustrophobia,
          v_misc_25, hangedman_vaults_impose, nicolae_vaults_cornered_office,
          v_misc_8, nicolae_vaults_trapezoid_3, ontoclasm_vaults_gateway,
          nicolae_vaults_alarming, nicolae_vaults_ring_of_whatevers,
          nicolae_vaults_asterisk, ontoclasm_vaults_pinch,
          layout_vaults_omnicross, uniq_xtahua, uniq_sojobo, uniq_jory
Vaults:3: nicolae_vaults_asterisk, nicolae_vaults_diamond_2,
          nicolae_vaults_stepped_doors, nicolae_vaults_network_quincunx
          [nicolae_vaults_network_quincunx_subvault,
          nicolae_vaults_network_quincunx_subvault,
          nicolae_vaults_network_quincunx_subvault,
          nicolae_vaults_network_quincunx_subvault,
          nicolae_vaults_network_quincunx_subvault],
          nicolae_vaults_trapezoid_lopsided_2,
          vaults_room_grunt_arrival_checkpoint, nicolae_vaults_tetromino_Z_1,
          nicolae_vaults_heist, layout_vaults_omnibox, serial_shops, shop
Vaults:4: nicolae_vaults_octothorpe, nicolae_vaults_closet_pinwheel_3,
          nicolae_vaults_trapezoid_1, nicolae_vaults_tetromino_L_1, v_misc_33,
          nicolae_vaults_what_the_h, v_misc_13,
          nicolae_vaults_security_offices_1, vaults_room_corners,
          nicolae_vaults_trapezoid_layered, nicolae_vaults_little_ls,
          grunt_vaults_swirl, ontoclasm_vaults_shuriken, layout_vaults_ring
Depths:1: layout_basic, pan_entry, hell_entry, minmay_hedge_maze, serial_shops,
          shop, shop, gammafunk_ghost_cemetery, hangedman_aerie_drop,
          serial_bayou_shore_b, uniq_asterion
Depths:2: kennysheep_ogre_elephant_herders, layout_cave_pools, hell_entry,
          pan_entry, chequers_serial_rivers_micro_a, hangedman_summoners_spam
Depths:3: minmay_blocking_statues, layout_cave_pools, enter_ziggurat_d,
          hangedman_abyss_entry_splay, grunt_metal_band,
          serial_sigils_hangedman_gnaw, grunt_pan_entry_zigzag
Depths:4: grunt_zot_entry_bicorn, layout_basic, pf_hell_entry_tar_spiral,
          hex_medium, serial_shops, nicolae_shop_real_fake_doors
Zot:1:    layout_gridlike, st_stairs_13
Zot:2:    layout_gridlike, uniq_parghit
Zot:3:    infiniplex_zot_generator, layout_misc_corridors
Zot:4:    layout_misc_corridors, gammafunk_ghost_necromancy, grunt_megastairs_3
Zot:5:    layout_misc_corridors

Skill      XL: |  1  2  3  4  5  6  7  8  9 10 11 12 13 14 15 16 17 18 19 20 21 22 23 |
---------------+----------------------------------------------------------------------+-----
Fighting       | 4 5 6 8 9 10 11 12 14 15 16 17 18 19 20 21 22 | 22.5
Armour         | 4 5 6 7 8 9 10 11 12 13 14 15 16 | 16.5
Polearms       | 3 5 6 7 9 10 11 14 15 16 17 | 17.0
Shields        | 4 5 6 8 10 11 12 13 15 16 18 19 20 21 22 | 22.0
Dodging        | 1 3 4 5 7 8 9 10 11 12 | 12.8
Evocations     | 1 2 3 |  3.1
Stealth        | 1 2 3 4 5 6 7 9 11 12 13 14 15 16 17 | 17.2
Axes           | 5 7 |  7.6
Maces & Flails | 7 10 12 14 16 17 18 19 20 | 20.8

Action                     |  1- 3 |  4- 6 |  7- 9 | 10-12 | 13-15 | 16-18 | 19-21 | 22-24 || total
---------------------------+-------+-------+-------+-------+-------+-------+-------+-------++-------
  Melee: Trident           |    88 |    92 |   151 |       |       |       |  1218 |   645 ||  2194
         Headbutt          |     7 |     9 |    35 |    85 |   225 |   425 |   349 |   161 ||  1296
         Hand axe          |       |       |    76 |       |       |       |       |       ||    76
         Morningstar       |       |       |    14 |   277 |   932 |  1290 |   270 |       ||  2783
         Spear             |       |       |       |    27 |       |       |       |       ||    27
         War axe           |       |       |       |    61 |       |       |       |       ||    61
         Bite              |       |       |       |       |    24 |       |       |     6 ||    30
         Pseudopods        |       |       |       |       |       |   196 |       |       ||   196
         Kick              |       |       |       |       |       |       |   563 |    47 ||   610
 Invoke: Slimify           |       |       |       |     1 |     1 |     5 |     1 |     4 ||    12
Ability: Evoke Blink       |       |       |       |       |       |       |       |     1 ||     1
  Evoke: Wand              |       |     6 |     3 |    10 |     6 |       |       |       ||    25
    Use: Scroll            |       |       |     2 |     8 |     8 |     3 |     3 |     8 ||    32
         Potion            |       |       |       |     4 |     3 |     1 |     1 |    13 ||    22
   Stab: Sleeping          |       |       |     4 |    14 |    21 |    32 |    34 |    16 ||   121
         Confused          |       |       |       |    10 |    56 |   114 |    26 |     1 ||   207
         Distracted        |       |       |       |     1 |     1 |     7 |    44 |    24 ||    77
         Held in net/web   |       |       |       |       |       |     1 |       |       ||     1
         Paralysed         |       |       |       |       |       |       |     1 |       ||     1
 Armour: Scale mail        |    23 |    28 |       |       |       |       |       |       ||    51
         Leather armour    |       |       |    98 |    28 |       |       |       |       ||   126
         Ring mail         |       |       |       |   109 |    15 |       |       |       ||   124
         Plate armour      |       |       |       |     2 |    96 |   402 |    58 |       ||   558
         Chain mail        |       |       |       |       |   210 |       |   238 |   155 ||   603
  Dodge: Dodged            |    31 |    33 |   106 |   274 |   494 |   734 |   480 |   263 ||  2415
  Block: Buckler           |     8 |     7 |    59 |   191 |   378 |   260 |       |       ||   903
         Tower shield      |       |       |       |       |       |   546 |   427 |   389 ||  1362
         Kite shield       |       |       |       |       |       |       |   319 |    53 ||   372

Table legend: (Time is in decaauts)
 A = Elapsed time spent in this place.
 B = Non-inter-level travel time spent in this place.
 C = Inter-level travel time spent in this place.
 D = Time resting spent in this place.
 E = Time spent auto-exploring this place.
 F = Levels seen in this place.
 G = Mean time per level.
                   A        B        C        D        E       F      G
               +--------+--------+--------+--------+--------+-----+--------+
         Total |  40431 |  35631 |   4800 |   1374 |  25120 |  52 |  777.5 |
       Dungeon |  12881 |  10547 |   2334 |    182 |   8207 |  15 |  858.7 |
          Lair |   5364 |   4463 |    901 |    187 |   3420 |   5 | 1072.8 |
         Swamp |   2467 |   2272 |    195 |     32 |   1423 |   4 |  616.8 |
   Spider Nest |   3532 |   3234 |    298 |    271 |   1911 |   4 |  883.0 |
    Slime Pits |   1137 |   1028 |    109 |      0 |    953 |   5 |  227.4 |
  Orcish Mines |    958 |    835 |    123 |      1 |    611 |   2 |  479.0 |
   Elven Halls |   2086 |   1979 |    107 |     72 |   1218 |   2 | 1043.0 |
        Vaults |   4615 |   4311 |    304 |     82 |   3146 |   4 | 1153.8 |
        Depths |   3963 |   3615 |    348 |    363 |   2073 |   4 |  990.8 |
           Zot |   3163 |   3084 |     79 |    182 |   1991 |   5 |  632.6 |
         Abyss |      8 |      8 |      0 |      0 |      0 |   1 |    8.0 |
       Volcano |    251 |    251 |      0 |      0 |    166 |   1 |  251.0 |
               +--------+--------+--------+--------+--------+-----+--------+

Top non-repeatable levels by time:
Vaults:1: 1679 daAuts
    D:15: 1435 daAuts
    D:12: 1233 daAuts
  Lair:5: 1201 daAuts
Depths:1: 1175 daAuts
   Elf:2: 1174 daAuts
  Lair:1: 1136 daAuts
     D:8: 1127 daAuts
Vaults:2: 1104 daAuts
  Lair:2: 1089 daAuts
Depths:3: 1067 daAuts
Spider:4: 1056 daAuts
     D:4: 1006 daAuts
  Lair:4: 997 daAuts
   Zot:2: 987 daAuts
